 Dungeon Crawl Stone Soup version 0.25-a0-435-g4b9beb1024 (webtiles) character file.

Game seed: 16990897456516806546, levelgen mode: deterministic

461 Eurus the Magician (level 6, -6/48 HPs)
             Began as a Mummy Conjurer on Jan 29, 2020.
             Mangled by a wraith (8 damage)
             ... in an ossuary.
             The game lasted 00:12:21 (4821 turns).

Eurus the Magician (Mummy Conjurer)                 Turns: 4821, Time: 00:12:22

Health: -6/48      AC:  7    Str: 11    XL:     6   Next: 79%
Magic:  2/14       EV: 12    Int: 16    God:
Gold:   176        SH:  0    Dex: 13    Spells: 13/16 levels left

rFire    x . .     SeeInvis +   e - +1 dagger
rCold    + . .     Gourm    .   (no shield)
rNeg     + + +     Faith    .   a - +0 robe
rPois    ∞         Spirit   .   (no helmet)
rElec    .         Reflect  .   k - +1 cloak
rCorr    .         Harm     .   g - +2 pair of gloves
MR       .....                  (no boots)
Stlth    ++........             (no amulet)
HPRegen  0.16/turn              j - ring of wizardry
MPRegen  0.14/turn              d - ring of see invisible

@: slowed, very slow
A: no food or potions, fire vulnerability, cold resistance 1, negative energy
resistance 3, torment resistance, unbreathing
a: no special abilities


You were in an ossuary.
You were not hungry.

You visited 1 branch of the dungeon, and saw 4 of its levels.
You also visited: Sewer and Ossuary.

You collected 176 gold pieces.

Inventory:

Hand Weapons
 e - a +1 dagger (weapon)
Armour
 a - a +0 robe (worn)
 g - a +2 pair of gloves (worn)
 k - a +1 cloak (worn)
Jewellery
 b - an uncursed ring of flight
 d - a ring of see invisible (right hand)
 j - a ring of wizardry (left hand)
Wands
 l - a wand of polymorph (3)
Scrolls
 c - a scroll of immolation
 f - 2 scrolls of identify
 h - 2 scrolls of blinking
 i - 2 scrolls of random uselessness
 m - a scroll of enchant armour
 n - a scroll of fear


   Skills:
 + Level 3.8 Fighting
 - Level 1.5 Dodging
 - Level 1.5 Stealth
 + Level 5.5 Spellcasting
 + Level 4.7 Conjurations


You had 13 spell levels left.
You knew the following spells:

 Your Spells              Type           Power        Failure   Level  Hunger
a - Magic Dart            Conj           ###.         1%          1    N/A
b - Searing Ray           Conj           ###...       1%          2    N/A

Your spell library contained the following spells:

 Spells                   Type           Power        Failure   Level  Hunger
 Dazzling Flash           Conj/Hex       ##....       6%          3    N/A
 Fulminant Prism          Conj/Hex       ##........   21%         4    N/A
 Iskenderun's Mystic Bla  Conj/Tloc      ##......     21%         4    N/A

Dungeon Overview and Level Annotations

Branches:
Dungeon (4/15)              Sewer (visited)         Ossuary (1/1)
 Temple: D:4-7

Altars:
Vehumet


Innate Abilities, Weirdness & Mutations

You do not eat or drink.
Your flesh is vulnerable to fire.
You are immune to poison.
Your flesh is cold resistant. (rC+)
You are immune to negative energy. (rN+++)
You are immune to unholy pain and torment.
You can survive without breathing.


Message History

You feel as though you will be slow longer.
The searing ray misses the wraith.
You finish channeling your searing ray.
The wraith hits you.
* * * LOW HITPOINT WARNING * * *
The wraith drains your vigour!
You feel as though you will be slow longer.
The wraith hits you but does no damage.
Casting: Searing Ray (safe; 1% risk of failure)
Confirm with . or Enter, or press ? or * to list all spells.
Aiming: Searing Ray (safe; 1% risk of failure)
Press: ? - help, Shift-Dir - straight line, f/p - wraith
Aim: a wraith (heavily damaged)
The searing ray hits the wraith!
The wraith is severely damaged. (Press . to maintain the ray.)
The wraith hits you.
* * * LOW HITPOINT WARNING * * *
The searing ray misses the wraith.
The wraith barely misses you. The wraith hits you!
You die...

........# #.#
#..??!..###.## #.#
#..?/?..# #.'.
#.###../?!..###.##
#...............#
#.###..###..###.#
#.#.#..#z#..#.#.#
#.W##..###..##).#
#@..............#
#################


You could see a wraith and a flying skull.

Vanquished Creatures
  A crocodile (Sewer)
  A scorpion (D:4)
  2 wights (Ossuary)
  An orc priest (D:3)
  An orc wizard (D:3)
  4 gnolls
  5 adders (D:3)
  An ooze (D:3)
  An adder zombie (Ossuary)
  A worm (D:3)
  A dart slug (D:3)
  A leopard gecko (D:3)
  12 orcs (D:3)
  8 giant cockroaches
  4 goblins
  6 hobgoblins
  6 jackals
  2 quokkas
  A ball python (D:3)
  7 bats
  A frilled lizard (D:1)
  A hobgoblin skeleton (Ossuary)
  2 hobgoblin zombies (Ossuary)
  18 kobolds
  3 kobold zombies (Ossuary)
  2 orc zombies (Ossuary)
  8 rats
101 creatures vanquished.

Notes
Turn   | Place    | Note
-------+----------+-------------------------------------------
     0 | D:1      | Eurus the Mummy Conjurer began the quest for the Orb.
     0 | D:1      | Reached XP level 1. HP: 13/13 MP: 4/4
   635 | D:1      | Reached skill level 3 in Spellcasting
   685 | D:1      | Reached XP level 2. HP: 20/20 MP: 4/6
   770 | D:1      | Reached skill level 1 in Fighting
  1805 | D:2      | Reached XP level 3. HP: 26/26 MP: 4/7
  1809 | D:2      | Learned a level 2 spell: Searing Ray
  2250 | D:3      | Found a radiant altar of Vehumet.
  2506 | D:3      | Reached XP level 4. HP: 32/33 MP: 5/9
  2552 | D:3      | Found a glowing drain.
  2563 | D:3      | Reached skill level 4 in Spellcasting
  2606 | Sewer    | Entered a sewer
  2936 | Sewer    | Noticed a crocodile
  2987 | Sewer    | Killed a crocodile
  2987 | Sewer    | Reached XP level 5. HP: 26/40 MP: 2/11
  3769 | D:3      | Reached XP level 6. HP: 47/47 MP: 3/13
  4105 | D:3      | Reached skill level 5 in Spellcasting
  4517 | D:4      | Found a sand-covered staircase.
  4526 | Ossuary  | Entered an ossuary
  4711 | Ossuary  | Noticed a flying skull
  4711 | Ossuary  | Noticed a wraith
  4757 | Ossuary  | Noticed a flying skull
  4811 | Ossuary  | Noticed a wraith
  4820 | Ossuary  | HP: 2/48 [wraith (3)]
  4821 | Ossuary  | Mangled by a wraith

Levels and vault maps discovered:
D:1:      dpeg_arrival_water_temple_mockup, layout_basic, minmay_octomino_j4
D:2:      layout_loops_ring, minmay_crystal_room
D:3:      layout_loops_corners, overflow_temple_1_default,
          gup_sewer_entry_glass, minivault_26, kennysheep_doodads
D:4:      layout_loops_ring, serial_shops, kennysheep_little_box, shop, shop,
          kennysheep_mini, nicolae_ossuary_entry_monument, feat_on_display
Ossuary:  ossuary_due_cavern

Skill      XL: |  1  2  3  4  5  6 |
---------------+-------------------+-----
Spellcasting   | 3 4 5 |  5.5
Fighting       | 1 2 3 |  3.8
Conjurations   | 4 |  4.7
Dodging        | |  1.5
Stealth        | |  1.5

Action                   |  1- 3 |  4- 6 || total
-------------------------+-------+-------++-------
Melee: Dagger            |    37 |   188 ||   225
 Cast: Magic Dart        |    50 |    41 ||    91
       Searing Ray       |     4 |    16 ||    20
  Use: Scroll            |     5 |     4 ||     9
 Stab: Sleeping          |     1 |     4 ||     5
Armor: Robe              |     8 |    55 ||    63
Dodge: Dodged            |    17 |   142 ||   159

Table legend:
 A = Non-vault XP
 B = Vault XP
 C = Vault XP percentage of total XP
 D = Non-vault monster count
 E = Vault monster count
 F = Vault count percentage of total count
                 A         B        C        D         E       F
            +---------+---------+-------+---------+---------+-------
      Total |     385 |     274 |  41.6 |      77 |      24 |  23.8
            +---------+---------+-------+---------+---------+-------
        D:1 |      22 |       4 |  15.4 |      15 |       2 |  11.8
        D:2 |      32 |       0 |   0.0 |      13 |       0 |   0.0
        D:3 |     265 |      21 |   7.3 |      48 |       5 |   9.4
        D:4 |      66 |       0 |   0.0 |       1 |       0 |   0.0
      Sewer |       0 |     116 | 100.0 |       0 |       6 | 100.0
    Ossuary |       0 |     133 | 100.0 |       0 |      11 | 100.0
            +---------+---------+-------+---------+---------+-------
